 Dungeon Crawl Stone Soup version 0.31-a0-1424-g2add1c7226 (webtiles) character file.

Game seed: 2563305593160548930

0 Esekla the Grave Robber (level 1, 15/15 HPs)
             Began as a Demonspawn Wanderer on Dec 27, 2023.
             Got out of the dungeon alive.
             The game lasted 00:00:28 (40 turns).

Esekla the Grave Robber (Demonspawn Wanderer)         Turns: 40, Time: 00:00:29

Health: 15/15      AC:  2    Str: 12    XL:     1   Next: 8%
Magic:  2/2        EV: 11    Int: 13    God:
Gold:   0          SH:  0    Dex: 11    Spells: 1/2 levels left

rFire   . . .        a - +0 dagger
rCold   . . .        (no shield)
rNeg    . . .        d - +0 robe
rPois   .            (no helmet)
rElec   .            (no cloak)
rCorr   .            (no gloves)
SInv    .            (no boots)
Will    .....        (no amulet)
Stlth   +            (no ring)
HPRegen 0.22/turn    (no ring)
MPRegen 0.08/turn

%: no passive effects
@: no status effects
A: no striking features
a: no special abilities


You escaped.
You visited 1 branch of the dungeon, and saw 1 of its levels.

Inventory:

Hand Weapons
 a - a +0 dagger (weapon)
Missiles
 b - 14 poisoned darts (quivered)
Armour
 d - a +0 robe (worn)
Jewellery
 g - an amulet of magic regeneration
 h - a +6 ring of dexterity
Scrolls
 c - a scroll of fog
 i - a scroll of blinking {unknown}
Potions
 e - a potion of degeneration {unknown}
 f - a potion of mutation {unknown}


   Skills:
 + Level 1.0 Fighting
 + Level 1.7 Throwing
 + Level 1.0 Armour
 + Level 1.0 Spellcasting
 + Level 2.0 Hexes
 + Level 3.3 Necromancy


You had one spell level left.
You knew the following spells:

 Your Spells              Type           Power      Damage    Failure   Level
a - Slow                  Hex            20%        N/A       12%         1

Your spell library contained the following spells:

 Spells                   Type           Power      Damage    Failure   Level
 Sublimation of Blood     Necr           9%         N/A       11%         2
 Cigotuvi's Dreadful Rot  Necr/Alch/Air  6%         N/A       26%         2
 Ensorcelled Hibernation  Hex/Ice        6%         N/A       28%         2
 Anguish                  Hex/Necr       3%         N/A       67%         4


Dungeon Overview and Level Annotations

Branches:
Dungeon (1/15)

Altars:


Message History

Welcome, Esekla the Demonspawn Wanderer.
The Orb of Zot is coveted for many reasons.
Will you seize it for your own?
Press ? for a list of commands and other information.
Found six items.
Found a staircase leading out of the dungeon.
You begin with the following items: a +0 dagger, 14 poisoned darts, a scroll of fog, a +0 robe; and the following spell memorised: Slow; and the following spells available to memorise: Sublimation of Blood, Cigotuvi's Dreadful Rot, Ensorcelled Hibernation, Anguish.
You enter the shallow water.
Moving in this stuff is going to be slow.
e - a bubbling dark potion
f - an emerald potion
Found a small agate ring.
g - an amulet of magic regeneration A bat comes into view.
You see here a +6 ring of dexterity.
h - a +6 ring of dexterity You closely miss the bat.
The bat hits you. The bat barely misses you.
The bat hits you but does no damage.
You hit the bat.
The bat is severely wounded.
The bat hits you but does no damage.
You hit the bat.
You kill the bat!
i - a scroll labelled ROLETT DUQUISCH
There is a staircase leading out of the dungeon here.
You have escaped!

#### ... .# ###.####.#
#################........#
#≈≈≈≈≈≈~~..##...........#
#≈≈≈~~≈............#....#
#≈≈~........~~~~...#..#
#~~......~~~≈..~~.....# ##
#≈..$..~~@~≈~~..~....##...
#~.....~≈~~~≈≈~~..........
#≈...(..~~.~~~..~....#....
#~~......≈~.≈.~~....## ...
#≈≈~......~.~~~.....## .#
#≈≈~≈~≈......~.......#
#≈≈≈≈≈~~~~........#.....
########################


There were no monsters in sight!

Vanquished Creatures
  A bat (D:1)
1 creature vanquished.

Notes
Turn   | Place    | Note
-------+----------+-------------------------------------------
     0 | D:1      | Esekla the Demonspawn Wanderer began the quest for the Orb.
     0 | D:1      | Esekla set off with the following items: a +0 dagger, 14
                  | poisoned darts, a scroll of fog, a +0 robe; and the
                  | following spell memorised: Slow; and the following spells
                  | available to memorise: Sublimation of Blood, Cigotuvi's
                  | Dreadful Rot, Ensorcelled Hibernation, Anguish.
     0 | D:1      | Reached XP level 1. HP: 15/15 MP: 2/2
    40 | D:$      | Got out of the dungeon alive.

Illustrated notes

Levels and vault maps discovered:
D:1:      dpeg_arrival_more_subterranean_lakeside_camping, layout_loops_cross

Action                     || total
---------------------------++-------
  Melee: Dagger            ||     3
 Armour: Robe              ||     3
  Dodge: Dodged            ||     1

Table legend: (Time is in decaauts)
 A = Elapsed time spent in this place.
 B = Non-inter-level travel time spent in this place.
 C = Inter-level travel time spent in this place.
 D = Time resting spent in this place.
 E = Time spent auto-exploring this place.
 F = Levels seen in this place.
 G = Mean time per level.
                   A        B        C        D        E       F      G
               +--------+--------+--------+--------+--------+-----+--------+
         Total |     41 |     41 |      0 |      0 |      0 |   1 |   41.0 |
       Dungeon |     41 |     41 |      0 |      0 |      0 |   1 |   41.0 |
               +--------+--------+--------+--------+--------+-----+--------+

Top non-repeatable levels by time:
     D:1: 41 daAuts
